 BcadrenCrawl: Boulder Brew version 0.06-744-gf22570f5e0 (webtiles) character file.

Game seed: 9660945309369185476

994 LabCoat the Chopper (level 8, -1/99 HPs) Hill Orc Fighter. Began on Mar 9, 2023. Splashed by a jelly's acid (3 damage) ... on level 2 of the Dungeon. The game lasted 00:13:59 (2559 turns).

LabCoat the Chopper (Hill Orc Fighter)              Turns: 2559, Time: 00:14:00

Health: -1/99      AC: -4    Str: 21    XL:     8 ^: 932
Magic:  8/8        EV: 11    Int: 13    God:
Gold:   91         SH:  0    Dex: 10    Spells: 7/7 levels left

rFire    . . .     Slash    .   a - +0 war axe (protect)
rCold    . . .     Pierce   .   o - +0 hatchet
rNeg     . . .     Bludgeon .   d - +0 scale mail
rCorr    . . .     Vision   .   (no helmet)
rPois    +         Gourm    .   (no cloak)
rElec    .         Faith    .   i - +0 pair of gloves
MR       .....     Spirit   .   (no boots)
HPRegen  0.43/turn Reflect  .   (no amulet)
MPRegen  0.18/turn Harm     .   h - ring of poison resistance
Stlth    ..........             p - ring of intelligence

@: corroded, studying Slings
A: soft flesh
a: no special abilities


You were on level 2 of the Dungeon.
You were not hungry.

You visited 1 branch of the dungeon, and saw 2 of its levels.

You collected 91 gold pieces.

Inventory:

Weapons
 a - a +0 war axe of protection (weapon)
 b - a +0 hunting sling
 g - a +1 dagger of holy wrath
 o - a +0 hatchet (weapon) Shields
 c - a +0 heater shield
 e - a +0 buckler
Armour
 d - a +0 scale mail (worn)
 i - a +0 pair of gloves (worn)
Jewellery
 h - a ring of poison resistance (left hand)
 n - a cursed amulet of the acrobat {(Curse: -Tele)}
 p - a ring of intelligence (right hand)
Wands
 r - a wand of enslavement (12)
Scrolls
 j - a scroll of silence
 k - a scroll of teleportation
 q - a scroll of immolation
Comestibles
 f - 6 rations
 l - 5 chunks of flesh


   Skills:
 * Level 6.1 Fighting
 * Level 6.2 Axes & Hammers
 * Level 4.4 Slings
 * Level 4.6 Armour
 + Level 3.0 Dodging
 + Level 4.6 Shields
 * Level 0.8 Evocations


You had 7 spell levels left.
You didn't know any spells.
Your spell library was empty.

Dungeon Overview and Level Annotations

Branches:
Dungeon (2/8)

Altars:


Innate Abilities, Weirdness & Mutations

((Your soft flesh is weak to deep cuts.
Heavy manmade armour will nullify this weakness. (rSlashing-)))


Message History

The jelly hits you (3).
* * * LOW HITPOINT WARNING * * *
The acid corrodes you!
You are splashed with acid (10)!
* * * LOW HITPOINT WARNING * * *
You feel better.
You drop the empty bottle.
The jelly closely misses you.
You hit the jelly (1).
It resists.
Your hands burn (1).
* * * LOW HITPOINT WARNING * * *
You hit the jelly but do no damage.
The jelly is heavily wounded. (21/46) HP The jelly hits you (2).
* * * LOW HITPOINT WARNING * * *
You are splashed with acid (8)!
* * * LOW HITPOINT WARNING * * *
The jelly hits you (4).
* * * LOW HITPOINT WARNING * * *
You are splashed with acid (9)!
* * * LOW HITPOINT WARNING * * *
Okay, then.
You hit the jelly (3).
It resists.
Your hands burn (3).
You die...

≈ ≈≈ ≈≈≈P ≈≈≈ PP
≈≈≈≈ ≈≈≈P ≈≈≈≈#
...≈≈P ≈≈≈†.# ####
.≈..≈≈ ≈≈≈.†≈##..###
≈≈≈.≈.
≈≈≈....##.†.###
#≈≈≈≈..
#.†@≈≈†#.≈##...≈≈≈≈.
##†J≈###..≈##..≈≈≈≈.
#≈.###≈####.≈.≈≈≈≈.
##≈.≈##≈##..#.≈≈≈≈.
....≈##≈#≈#..≈≈≈≈.
...#≈###≈#≈≈≈≈.≈≈..
≈≈≈.### #≈..≈#≈≈≈≈≈.
.≈≈≈≈# ##≈...≈≈≈≈≈.
≈≈≈≈≈≈# ##≈.#≈≈≈≈≈≈


You could see a jelly.

Vanquished Creatures
  3 big kobolds (D:2)
  A crocodile (D:2)
  4 jellies (D:2)
  4 giant cockroaches
  2 adders (D:2)
  40 sewer rats
  10 cinder newts
  8 worms
  3 oozes
  9 dart slugs
  2 leopard geckos (D:2)
  An adder skeleton (D:2)
  A cinder newt skeleton (D:2)
  3 goblins (D:1)
  3 hobgoblins (D:1)
  10 kobolds
  3 bats (D:1)
  5 rats (D:1)
  A plant (D:1)
  A withered plant (D:2)
114 creatures vanquished.

Vanquished Creatures (others)
  3 giant cockroaches (D:2)
  3 sewer rats (D:2)
  An ooze (D:1)
  2 dart slugs (D:2)
  A leopard gecko (D:2)
  2 ball pythons (D:2)
  A bat (D:2)
  A bat skeleton (D:2)
  2 kobolds (D:2)
  2 rats
  9 giant blowflies (D:2)
  2 slimeheads (D:2)
  113 withered plants (D:2)
142 creatures vanquished.

Grand Total: 256 creatures vanquished

Notes
Turn   | Place    | Note
-------+----------+-------------------------------------------
     0 | D:1      | LabCoat the Hill Orc Fighter began the quest for the Orb.
     0 | D:1      | Reached XP level 1. HP: 29/29 MP: 1/1
     8 | D:1      | Reached XP level 2. HP: 30/39 MP: 2/2
   137 | D:1      | Reached XP level 3. HP: 43/49 MP: 3/3
   235 | D:1      | Reached skill level 1 in Dodging
   617 | D:1      | Reached XP level 4. HP: 56/59 MP: 4/4
  1180 | D:1      | your +0 war axe of protection protects you from harm!
  1199 | D:1      | your +0 war axe of protection protects you from harm!
  1203 | D:1      | Reached XP level 5. HP: 57/69 MP: 5/5
  1276 | D:1      | your +0 war axe of protection protects you from harm!
  1406 | D:2      | your +0 war axe of protection protects you from harm!
  1421 | D:2      | your +0 war axe of protection protects you from harm!
  1423 | D:2      | Reached skill level 1 in Slings
  1447 | D:2      | Reached XP level 6. HP: 53/79 MP: 6/6
  1459 | D:2      | Reached skill level 5 in Fighting
  1581 | D:2      | your +0 war axe of protection protects you from harm!
  1677 | D:2      | your +0 war axe of protection protects you from harm!
  1691 | D:2      | your +0 war axe of protection protects you from harm!
  1697 | D:2      | Reached skill level 5 in Axes & Hammers
  1740 | D:2      | Reached XP level 7. HP: 89/89 MP: 7/7
  1791 | D:2      | your +0 war axe of protection protects you from harm!
  1974 | D:2      | your +0 war axe of protection protects you from harm!
  1982 | D:2      | your +0 war axe of protection protects you from harm!
  2119 | D:2      | your +0 war axe of protection protects you from harm!
  2174 | D:2      | your +0 war axe of protection protects you from harm!
  2336 | D:2      | your +0 war axe of protection protects you from harm!
  2369 | D:2      | your +0 war axe of protection protects you from harm!
  2472 | D:2      | your +0 war axe of protection protects you from harm!
  2476 | D:2      | Reached XP level 8. HP: 93/99 MP: 8/8
  2514 | D:2      | your +0 war axe of protection protects you from harm!
  2534 | D:2      | your +0 war axe of protection protects you from harm!
  2548 | D:2      | your +0 war axe of protection protects you from harm!
  2558 | D:2      | HP: 2/99 [acid (9)]
  2559 | D:2      | Splashed by a jelly's acid

Illustrated notes

Levels and vault maps discovered:
D:1:      lightli_arrival_statuegarden, layout_basic, lemuel_flame_loot_1,
          lightli_sewer_entry_pipes
D:2:      kennysheep_slugbush, layout_sewer, sewer_frog_pond, first_ration,
          minmay_manual_mares, uniq_purgy

Skill      XL: |  1  2  3  4  5  6  7  8 |
---------------+-------------------------+-----
Axes & Hammers | 3 4 5 6 |  6.2
Fighting       | 4 5 6 |  6.1
Dodging        | 1 2 3 |  3.0
Slings         | 2 4 |  4.4
Shields        | 4 |  4.6
Armour         | 4 |  4.6
Evocations     | |  0.8

Action                   |  1- 3 |  4- 6 |  7- 9 || total
-------------------------+-------+-------+-------++-------
Melee: War axe           |    37 |    72 |    97 ||   206
       Hatchet           |       |       |    68 ||    68
 Fire: Hunting sling     |       |    31 |    75 ||   106
  Use: Potion            |     1 |       |     2 ||     3
       Scroll            |     1 |       |       ||     1
  Eat: Chunk             |       |     3 |     3 ||     6
Armor: Scale mail        |    18 |    42 |    66 ||   126
       Skin              |       |       |    64 ||    64
Dodge: Dodged            |    13 |    29 |    32 ||    74
Block: Heater shield     |     3 |       |       ||     3
       Buckler           |       |     5 |       ||     5
